 Dungeon Crawl Stone Soup version 0.30-a0-371-gad7725a93e (webtiles) character file.

Game seed: 13798114190152575095

87 qeuew the Shield-Bearer (level 4, -5/37 HPs)
             Began as a Formicid Fighter on Nov 20, 2022.
             Was an Initiate of Okawaru.
             Slain by a gnoll
             ... wielding a +0 halberd
              (13 damage)
             ... on level 3 of the Dungeon.
             The game lasted 00:03:13 (2329 turns).

qeuew the Shield-Bearer (Formicid Fighter)          Turns: 2329, Time: 00:03:14

Health: -5/37      AC:  9    Str: 17 (20) XL:     4   Next: 80%
Magic:  4/4        EV:  9    Int:  7 (8)  God:    Okawaru [......]
Gold:   215        SH:  5    Dex: 11 (13) Spells: 3/3 levels left

rFire   . . .      SeeInvis +    a - +1 war axe
rCold   . . .      Faith    .    c - +0 buckler
rNeg    . . .      Spirit   .    b - +0 scale mail
rPois   .          Reflect  .    (helmet unavailable)
rElec   .          Harm     .    (no cloak)
rCorr   .          Rampage  .    (no gloves)
Will    .....                    (no boots)
Stlth   ..........               (no amulet)
HPRegen 0.26/turn                (no ring)
MPRegen 0.09/turn                (no ring)

@: mighty
A: permanent stasis, dig shafts and tunnels, antennae 3, four strong arms,
iridescent scales 1, clumsy 1
a: Dig, Shaft Self, Renounce Religion


You were on level 3 of the Dungeon.
You worshipped Okawaru.
Okawaru was noncommittal.
You visited 1 branch of the dungeon, and saw 3 of its levels.

You collected 215 gold pieces.

Inventory:

Hand Weapons
 a - a +1 war axe (weapon)
Armour
 b - a +0 scale mail (worn)
 c - a +0 buckler (worn)
Wands
 e - a wand of digging (2)
Scrolls
 f - a scroll of enchant weapon
 g - a scroll of magic mapping
 h - a scroll of vulnerability {unknown}
Potions
 d - a potion of might
 i - 2 potions of attraction {unknown}


   Skills:
 + Level 3.8 Fighting
 + Level 2.7 Axes
 + Level 3.9 Armour
 + Level 1.3 Dodging
 + Level 4.6 Shields


You had 3 spell levels left.
You didn't know any spells.
Your spell library contained the following spells:

 Spells                   Type           Power      Damage    Failure   Level
 Gell's Gravitas          Tloc           0%         N/A       99%         3
 Teleport Other           Tloc           0%         N/A       99%         3
 Dispersal                Tloc           0%         N/A       100%        6
 Summon Ice Beast         Ice/Summ       Unusable   N/A       N/A         4
 Summon Mana Viper        Hex/Summ       Unusable   N/A       N/A         5
 Monstrous Menagerie      Summ           Unusable   N/A       N/A         7

Dungeon Overview and Level Annotations

Branches:
Dungeon (3/15)

Altars:
Dithmenos
Gozag
Okawaru
Xom

Shops:
D:1 (:[?


Innate Abilities, Weirdness & Mutations

You cannot be hasted, slowed, berserked, paralysed or teleported.
You can dig through walls and to a lower floor.
You have a pair of large antennae on your head. (SInv)
Your four strong arms can wield two-handed weapons with a shield.
You are partially covered in iridescent scales. (AC +2)
You are clumsy. (Dex -2)


Message History

2 gnolls come into view.
Found a pink potion.
The gnoll shouts! x2
A gnoll comes into view. It is wielding a +0 halberd.
The gnoll shouts!
The gnoll barely misses you. The gnoll closely misses you.
You block the gnoll's attack.
You slash the gnoll!
The gnoll is almost dead.
You completely miss the gnoll. The gnoll barely misses you.
The gnoll closely misses you. The gnoll hits you but does no damage.
You barely miss the gnoll.
The gnoll is almost dead.
You slash the gnoll! The gnoll closely misses you. The gnoll misses you.
You barely miss the gnoll.
The gnoll is almost dead.
You barely miss the gnoll.
The gnoll hits you from afar with a +0 halberd!
The gnoll hits you with a +0 spear. The gnoll misses you.
You block the gnoll's attack. The gnoll hits you with a +0 spear.
The gnoll hits you from afar with a +0 halberd!
You feel very mighty all of a sudden.
The gnoll hits you from afar with a +0 halberd.
* * * LOW HITPOINT WARNING * * *
You block the gnoll's attack. The gnoll hits you but does no damage.
Unknown command.
You slash the gnoll!
You kill the gnoll!
Okawaru accepts your kill.
You closely miss the gnoll. You block the gnoll's attack.
The gnoll closely misses you.
Unknown command.
The gnoll hits you with a +0 club.
* * * LOW HITPOINT WARNING * * *
The gnoll completely misses you.
Unknown command.
You closely miss the gnoll. You barely miss the gnoll.
The gnoll completely misses you. You block the gnoll's attack.
The gnoll hits you with a +0 halberd!
You die...

############ ###
##...!.g)...#######
...
......g@...........
###
###.#######.########
#.# #...# #.# #.#.#
#.# #.#.# ###
#.####.#.# ..#
#.#....#.# #....#
#.#######.##.###.#
.... .
+........>##.#<..#


You could see 2 gnolls.

Vanquished Creatures
  A gnoll (D:3)
  2 adders (D:2)
  2 worms
  9 ball pythons
  8 endoplasms
  2 giant cockroaches (D:1)
  3 goblins
  5 hobgoblins
  4 kobolds
  A quokka (D:2)
  8 bats
  A frilled lizard (D:2)
  5 rats
51 creatures vanquished.

Notes
Turn   | Place    | Note
-------+----------+-------------------------------------------
     0 | D:1      | qeuew the Formicid Fighter began the quest for the Orb.
     0 | D:1      | Reached XP level 1. HP: 18/18 MP: 1/1
    28 | D:1      | Found Siqud's Antique Armour Shoppe.
    86 | D:1      | Found Voplid's Book Boutique.
   141 | D:1      | Reached XP level 2. HP: 24/24 MP: 2/2
   311 | D:1      | Found Batog's Weapon Boutique.
   405 | D:1      | Found Henor's Magic Scroll Shoppe.
   428 | D:1      | Reached XP level 3. HP: 28/29 MP: 3/3
   940 | D:1      | Gained mutation: You are clumsy. (Dex -2) [potion of
                  | mutation]
   940 | D:1      | Gained mutation: You are partially covered in iridescent
                  | scales. (AC +2) [potion of mutation]
  1116 | D:2      | Reached skill level 1 in Dodging
  1129 | D:2      | Reached XP level 4. HP: 26/37 MP: 4/4
  1384 | D:2      | Found a shadowy altar of Dithmenos.
  1825 | D:3      | Found an iron altar of Okawaru.
  1893 | D:3      | Became a worshipper of Warmaster Okawaru
  2044 | D:3      | Found an opulent altar of Gozag.
  2069 | D:3      | Found a shimmering altar of Xom.
  2069 | D:3      | Found a shimmering altar of Xom.
  2069 | D:3      | Found a shimmering altar of Xom.
  2070 | D:3      | Found a shimmering altar of Xom.
  2070 | D:3      | Found a shimmering altar of Xom.
  2071 | D:3      | Found a shimmering altar of Xom.
  2072 | D:3      | Found a shimmering altar of Xom.
  2074 | D:3      | Found a shimmering altar of Xom.
  2329 | D:3      | Slain by a gnoll

Illustrated notes

Levels and vault maps discovered:
D:1:      spicycebolla_arrival_ecumenical, layout_loops_ring, serial_shops,
          shop, nicolae_shop_hallway_plus, nicolae_diamond_shop, shop,
          chequers_serial_rivers_micro_a, minivault_19,
          nicolae_concentric_dashed_squares_wild
D:2:      layout_basic, basic_altar
D:3:      layout_basic, mainiacjoe_overflow_catwalk, xom_redecorated,
          nicolae_gozag_cash_rules_everything_around_me, uniq_jessica

Skill      XL: |  1  2  3 |
---------------+----------+-----
Dodging        | 1 |  1.3
Fighting       | |  3.8
Axes           | |  2.7
Armour         | |  3.9
Shields        | |  4.6

Action                   |  1- 3 |  4- 6 || total
-------------------------+-------+-------++-------
Melee: War axe           |   110 |    44 ||   154
  Use: Scroll            |     5 |     2 ||     7
       Potion            |     3 |     2 ||     5
Armor: Scale mail        |    62 |    12 ||    74
Dodge: Dodged            |    56 |    30 ||    86
Block: Buckler           |    45 |    14 ||    59

Table legend: (Time is in decaauts)
 A = Elapsed time spent in this place.
 B = Non-inter-level travel time spent in this place.
 C = Inter-level travel time spent in this place.
 D = Time resting spent in this place.
 E = Time spent auto-exploring this place.
 F = Levels seen in this place.
 G = Mean time per level.
                   A        B        C        D        E       F      G
               +--------+--------+--------+--------+--------+-----+--------+
         Total |   2392 |   2319 |     73 |      0 |   1870 |   3 |  797.3 |
       Dungeon |   2392 |   2319 |     73 |      0 |   1870 |   3 |  797.3 |
               +--------+--------+--------+--------+--------+-----+--------+

Top non-repeatable levels by time:
     D:1: 1006 daAuts
     D:2: 853 daAuts
     D:3: 532 daAuts
